 Dungeon Crawl Stone Soup version 0.30-a0-672-gc3a7216ad8 (webtiles) character file.

Game seed: 10222684941479304457

331 Darius099 the Trooper (level 6, -3/40 HPs)
             Began as a Gargoyle Fighter on Jan 18, 2023.
             Killed by nerve-wracking pain
             ... invoked by a shadow imp
             ... summoned by Eustachio
              (7 damage)
             ... on level 4 of the Dungeon.
             The game lasted 00:08:00 (2995 turns).

Darius099 the Trooper (Gargoyle Fighter)            Turns: 2995, Time: 00:08:01

Health: -3/40      AC: 14    Str: 20    XL:     6   Next: 52%
Magic:  6/6        EV:  9    Int:  8    God:
Gold:   98         SH:  5    Dex: 11    Spells: 5/5 levels left

rFire   . . .      SeeInvis .    a - +0 flail
rCold   . . .      Faith    .    c - +0 buckler
rNeg    + . .      Spirit   .    b - +0 scale mail
rPois   ∞          Reflect  .    t - +0 helmet
rElec   +          Harm     .    f - +0 cloak
rCorr   .          Rampage  .    (no gloves)
Will    .....                    (no boots) Stlth
                                 (no amulet)
HPRegen 0.26/turn                e - ring of flight
MPRegen 0.10/turn                (no ring)

@: flying
A: sickness immunity, AC +4, negative energy resistance 1, electricity
resistance, torment resistance 1, petrification resistance
a: no special abilities


You were on level 4 of the Dungeon.
You visited 1 branch of the dungeon, and saw 4 of its levels.

You collected 98 gold pieces.

Inventory:

Hand Weapons
 a - a +0 flail (weapon)
Armour
 b - a +0 scale mail (worn)
 c - a +0 buckler (worn)
 f - a +0 cloak (worn)
 t - a +0 helmet (worn)
Jewellery
 e - a ring of flight (left hand)
Scrolls
 h - a scroll of summoning {unknown}
 j - a scroll of teleportation {unknown}
 k - 2 scrolls of enchant weapon {unknown}
 l - a scroll of identify {unknown}
 n - 3 scrolls of vulnerability {unknown}
 o - a scroll of blinking {unknown}
 q - 2 scrolls of fear {unknown}
 r - a scroll of immolation {unknown}
Potions
 d - 2 potions of might
 g - 2 potions of brilliance {unknown}
 i - 2 potions of heal wounds {unknown}
 m - 2 potions of mutation {unknown}
 p - a potion of degeneration {unknown}
 s - 2 potions of curing {unknown}


   Skills:
 + Level 4.8 Fighting
 + Level 3.7 Maces & Flails
 + Level 4.7 Armour
 + Level 4.8 Shields


You had 5 spell levels left.
You didn't know any spells.
Your spell library was empty.

Dungeon Overview and Level Annotations

Branches:
Dungeon (4/15)
 Temple: D:4-7

Altars:
Hepliaklqana

Annotations:
D:4 Eustachio


Innate Abilities, Weirdness & Mutations

You are immune to sickness and miasma.
Your stone body is resilient. (AC +4)
You are immune to poison.
You resist negative energy. (rN+)
You are resistant to electric shocks. (rElec)
You are resistant to unholy torment.
You are immune to petrification.


Message History

The shadow imp hits you but does no damage.
You hit Eustachio.
Eustachio is severely wounded.
The bat closely misses you. You block the bat's attack.
The rat barely misses you.
Eustachio casts a spell.
Eustachio blinks!
The crimson imp hits you but does no damage.
The iron imp barely misses you. The bat barely misses you.
The shadow imp hits you but does no damage.
You block the rat's attack. The crimson imp hits you.
You miss the bat.
The crimson imp disappears in a puff of smoke!
The bat hits you. The bat hits you but does no damage.
The iron imp completely misses you. The shadow imp hits you.
The rat bites you but does no damage. The bat hits you but does no damage.
The bat hits you but does no damage. x2; The iron imp hits you.
* * * LOW HITPOINT WARNING * * *
You block the rat's attack.
Eustachio mumbles some strange words.
Eustachio blinks!
You block the bat's attack.
The shadow imp laughs crazily.
The iron imp closely misses you. The rat barely misses you.
The bat hits you but does no damage. The shadow imp misses you.
The rat barely misses you.
The iron imp lashes its tail.
The iron imp hits you.
* * * LOW HITPOINT WARNING * * *
You hit Eustachio.
Eustachio is severely wounded.
The shadow imp gestures at you. Pain shoots through your body!
* * * LOW HITPOINT WARNING * * *
The rat bites you but does no damage.
Eustachio casts a spell.
The iron imp sputters.
You block the iron imp's attack. The shadow imp gestures at you.
Pain shoots through your body!
You die...

..
#.#..<..#.#######
#.# ###.#######.#
...# #.(.........#
.....#.#<#########
...#.#.#........
....$.5#5#######
#...bb.......
..##.##5@#######
......r@5#
..##.#...# # #...#
#...# #.... ..#...
### #... §§§.
§§§~.


You could see Eustachio, an iron imp (summoned, expiring), 3 shadow imps, 2 bats
and a rat (summoned).

Vanquished Creatures
  Sigmund (D:2)
  Crazy Yiuf (D:3)
  Ijyb (D:3)
  3 adders
  2 worms
  A dart slug (D:3)
  An orc (D:3)
  6 ball pythons
  4 bats
  5 endoplasms
  3 giant cockroaches
  10 goblins
  9 hobgoblins
  4 jackals
  6 kobolds
  4 quokkas
  3 frilled lizards
  5 rats
69 creatures vanquished.

Notes
Turn   | Place    | Note
-------+----------+-------------------------------------------
     0 | D:1      | Darius099 the Gargoyle Fighter began the quest for the Orb.
     0 | D:1      | Reached XP level 1. HP: 14/14 MP: 1/1
   100 | D:1      | Reached XP level 2. HP: 19/19 MP: 2/2
   350 | D:1      | Reached XP level 3. HP: 23/23 MP: 3/3
   870 | D:2      | Noticed Sigmund
   892 | D:2      | Killed Sigmund
   893 | D:2      | Reached XP level 4. HP: 22/30 MP: 4/4
   893 | D:2      | Reached XP level 5. HP: 25/34 MP: 5/5
  1186 | D:2      | Reached XP level 6. HP: 39/39 MP: 6/6
  1723 | D:3      | Found a runed translucent door.
  1724 | D:3      | Noticed Crazy Yiuf
  1740 | D:3      | Noticed Ijyb
  1780 | D:3      | Killed Ijyb
  2001 | D:3      | Found a faded altar of an unknown god.
  2599 | D:3      | Found a hazy altar of Hepliaklqana.
  2873 | D:3      | Killed Crazy Yiuf
  2970 | D:4      | Noticed Eustachio
  2995 | D:4      | Killed from afar by a shadow imp

Illustrated notes

Levels and vault maps discovered:
D:1:      lemuel_arrival_broad_hall, layout_basic
D:2:      wander_river, layout_loops_ring, chequers_garden,
          minmay_misc_feat_rugged, minmay_misc_feat_chi, uniq_sigmund
D:3:      layout_loops_corners, nzn_hepliaklqana_mist_gate,
          hellmonk_ecumenical_altar_prayer_group, kennysheep_cross_room,
          uniq_crazy_yiuf_cottage, uniq_ijyb
D:4:      layout_basic, gammafunk_temple_overflow_claw,
          minmay_temple_entry_mist, lightli_ossuary_entry_decrepit_ruins,
          serial_bayou_pond_e, kennysheep_doodads, serial_bayou_crossing,
          uniq_eustachio

Skill      XL: |  1  2  3 |
---------------+----------+-----
Fighting       | 4 |  4.8
Maces & Flails | 3 |  3.7
Armour         | 4 |  4.7
Shields        | 4 |  4.8

Action                   |  1- 3 |  4- 6 || total
-------------------------+-------+-------++-------
Melee: Flail             |   117 |   197 ||   314
       Unarmed           |       |    16 ||    16
Armor: Scale mail        |    62 |   138 ||   200
       Skin              |       |    19 ||    19
Dodge: Dodged            |    75 |   110 ||   185
Block: Buckler           |    35 |    77 ||   112

Table legend: (Time is in decaauts)
 A = Elapsed time spent in this place.
 B = Non-inter-level travel time spent in this place.
 C = Inter-level travel time spent in this place.
 D = Time resting spent in this place.
 E = Time spent auto-exploring this place.
 F = Levels seen in this place.
 G = Mean time per level.
                   A        B        C        D        E       F      G
               +--------+--------+--------+--------+--------+-----+--------+
         Total |   3081 |   2893 |    188 |    194 |   1767 |   4 |  770.2 |
       Dungeon |   3081 |   2893 |    188 |    194 |   1767 |   4 |  770.2 |
               +--------+--------+--------+--------+--------+-----+--------+

Top non-repeatable levels by time:
     D:3: 1344 daAuts
     D:1: 887 daAuts
     D:2: 791 daAuts
     D:4: 57 daAuts
